 Dungeon Crawl Stone Soup version 0.31-a0-1424-g2add1c7226 (webtiles) character file.

Game seed: 7640958447875178948

5045 Ofeo the Fighter (level 10, -3/110 HPs)
             Began as an Oni Shapeshifter on Dec 26, 2023.
             Was a Believer of Qazlal.
             Slain by a gnoll
             ... wielding a +0 whip
              (4 damage)
             ... on level 8 of the Dungeon.
             The game lasted 00:07:21 (9007 turns).

Ofeo the Fighter (Oni Shapeshifter)                 Turns: 9007, Time: 00:07:22

Health: -3/110     AC:  7    Str: 22    XL:     10   Next: 55%
Magic:  10/10      EV:  6    Int: 14    God:    Qazlal [**....]
Gold:   434        SH:  0    Dex: 10    Spells: 9/9 levels left

rFire   + .          .
                       - Unarmed
rCold   + . .        r - orb {light}
rNeg    . . .        v - +0 robe of the Buccaneer {rC+ Int+3 Slay+2 Stlth-}
rPois   .            (helmet currently unavailable)
rElec   .            (cloak currently unavailable)
rCorr   .            (gloves unavailable)
SInv    .            (boots unavailable)
Will    ++...        t - amulet of magic regeneration Stlth
                     e - +4 ring of protection
HPRegen 0.38/turn    s - ring of protection from fire
MPRegen 0.52/turn

%: no passive effects
@: beast-form, held, glowing
A: beast (slay +4), large, unfitting armour, horns 2, tough skin 1, double
potion healing, drunken brawling, strong-willed 1, passive freeze, no potion
heal 1, inability to read after injury 1
a: Begin Untransformation, Renounce Religion, Upheaval


You were on level 8 of the Dungeon.
You worshipped Qazlal.
Qazlal was pleased with you.
You were a hulking beast.
You visited 2 branches of the dungeon, and saw 9 of its levels.

You collected 434 gold pieces.

Inventory:

Armour
 a - a +1 animal skin
 g - a +2 robe of willpower
 r - an orb of light (worn)
 v - the +0 robe of the Buccaneer (worn) {rC+ Int+3 Slay+2 Stlth-}
   (You found it on level 8 of the Dungeon)

   Int+3:     It affects your intelligence (+3).
   Slay+2:    It affects your accuracy & damage with ranged weapons and melee
   (+2).
   rC+:       It protects you from cold.
   Stlth-:    It makes you less stealthy.
 w - a +1 cloak
Jewellery
 e - a +4 ring of protection (left hand)
 s - a ring of protection from fire (right hand)
 t - an amulet of magic regeneration (around neck)
Talismans
 c - a beast talisman
 d - a flux talisman
Wands
 b - a wand of flame (62)
Scrolls
 i - a scroll of identify {@r1}
 k - 4 scrolls of teleportation {@r3}
 m - a scroll of brand weapon
 n - 2 scrolls of vulnerability
 o - 2 scrolls of silence
 u - a scroll of amnesia {unknown}
 x - a scroll of enchant weapon {unknown}
Potions
 f - a potion of brilliance
 h - 2 potions of heal wounds {@q2}
 j - 2 potions of mutation
 l - a potion of lignification
 p - 2 potions of attraction
 q - a potion of curing {@q1}


   Skills:
 + Level 10.0 Fighting
 + Level 7.3 Dodging
 + Level 7.5 Unarmed Combat
 + Level 7.7 Shapeshifting


You had 9 spell levels left.
You didn't know any spells.
Your spell library contained the following spells:

 Spells                   Type           Power      Damage    Failure   Level
 Summon Small Mammal      Summ           0%         N/A       28%         1
 Ensorcelled Hibernation  Hex/Ice        0%         N/A       41%         2
 Mercury Vapours          Alch/Air       0%         N/A       41%         2
 Call Canine Familiar     Summ           0%         N/A       65%         3
 Fugue of the Fallen      Necr           0%         N/A       65%         3
 Mephitic Cloud           Conj/Alch/Air  0%         N/A       65%         3
 Summon Guardian Golem    Hex/Summ       0%         N/A       65%         3
 Anguish                  Hex/Necr       0%         N/A       96%         4
 Freezing Cloud           Conj/Ice/Air   0%         6-21      100%        5
 Iskenderun's Battlesphe  Conj           0%         2d6       100%        5
 Bombard                  Conj/Erth      0%         9d1       100%        6
 Orb of Destruction       Conj           0%         9d5       100%        7
 Spellforged Servitor     Conj/Summ      0%         N/A       100%        7


Dungeon Overview and Level Annotations

Branches:
Dungeon (8/15)             Temple (1/1) D:6
   Lair: D:8-11

Altars:
Ashenzari
Cheibriados
Dithmenos
Elyvilon
Fedhas
Gozag
Hepliaklqana
Kikubaaqudgha
Makhleb
Nemelex Xobeh
Okawaru
Qazlal
Ru
Sif Muna
Trog
Uskayaw
Vehumet
Wu Jian
Xom
Yredelemnul
Zin
The Shining One

Shops:
D:1 (

Annotations:
D:3 2 transporters, tgirl's ghost, weakling VSEn
D:4 3 runed translucent doors, Crazy Yiuf; Phlounder's ghost, amateur DjEn


Innate Abilities, Weirdness & Mutations

You are a hulking beast.
Your limbs bulge with bestial killing power. (Slay +4)
You are too large for most types of armour.
You have a pair of horns on your head.
You have tough skin. (AC +1)
You gain doubled healing and magic from potions.
Whenever you drink a healing potion, you attack all around you.
You are strong-willed. (Will+)
A frigid envelope surrounds you and freezes all who hurt you.
Potions are less effective at restoring your health.
You occasionally lose the ability to read scrolls when taking damage.


Message History

Your Fighting skill increases to level 10!
MP restored: 10 The yak gores you!
The gnoll hits you from afar with a +0 halberd!
The gnoll hits you but does no damage.
Items here: $ ) / [.
You take 14 damage, and have 53/110 hp.
You punch the yak!
The yak is heavily wounded.
The yak gores you!
The yak is very cold.
The yak is severely wounded.
The gnoll barely misses you. x2
You take 8 damage, and have 45/110 hp.
You hit the yak. You headbutt the yak.
The yak is almost dead.
The yak gores you!
The yak is very cold.
You kill the yak!
Qazlal accepts your kill.
The gnoll hits you from afar with a +0 halberd.
* * * LOW HITPOINT WARNING * * *
The gnoll throws a throwing net.
The throwing net hits you.
You become entangled in the net!
You take 15 damage, and have 30/110 hp.
You tear a large gash into the net.
The gnoll hits you from afar with a +0 spear.
* * * LOW HITPOINT WARNING * * *
The gnoll hits you from afar with a +0 halberd!
* * * LOW HITPOINT WARNING * * *
The gnoll hits you with a +0 whip.
* * * LOW HITPOINT WARNING * * *
The gnoll is very cold.
The gnoll is moderately wounded.
You take 15 damage, and have 15/110 hp.
You struggle against the net.
The gnoll hits you from afar with a +0 spear.
* * * LOW HITPOINT WARNING * * *
The gnoll hits you from afar with a +0 halberd!
* * * LOW HITPOINT WARNING * * *
The gnoll hits you with a +0 whip.
You die...

......................
#########.###.........
#.###...##.... #######
#.##....#..... #.....#
#.##.#........ #.....#
#.##.#........ #.....#
###.............
#....g###........#......
#.....gh))..............
#......g###..<....##......
........# #.#.............
........# #...............
...#..### ................
.. ##. .##..........###. .
#. .. ........... #. .. #.
#......... #. ..
.......... #


You could see 3 gnolls.

Vanquished Creatures
  Pikel (D:7)
  Maurice (D:8)
  Psyche (D:8)
  6 yaks
  Sigmund (D:2)
  A steam dragon (D:8)
  Duvessa (D:6)
  2 orc warriors (D:8)
  2 sky beasts (D:7)
  3 black bears
  2 ice beasts (D:7)
  An ogre (D:6)
  A centaur (D:8)
  4 lemures
  A phantom (D:5)
  3 bullfrogs
  Blork the orc (D:5)
  3 scorpions (D:5)
  Dowan (D:6)
  2 bombardier beetles (D:5)
  5 crimson imps (D:8)
  4 hounds
  A jelly (D:5)
  6 orc priests
  A sleepcap (D:3)
  2 gnoll boudas (D:7)
  Jessica (D:3)
  An iguana (D:5)
  8 orc wizards
  7 gnolls
  4 adders
  A shadow imp (D:8)
  4 white imps
  2 ufetubi (D:6)
  5 worms
  2 dart slugs
  31 orcs
  3 ball pythons
  4 bats
  3 endoplasms
  3 giant cockroaches
  15 goblins
  4 hobgoblins
  8 jackals
  A kobold (D:1)
  4 quokkas
  2 frilled lizards
  4 rats
174 creatures vanquished.

Notes
Turn   | Place    | Note
-------+----------+-------------------------------------------
     0 | D:1      | Ofeo the Oni Shapeshifter began the quest for the Orb.
     0 | D:1      | Reached XP level 1. HP: 19/19 MP: 1/1
     8 | D:1      | Found Jahimeub's Antique Weapon Emporium.
   147 | D:1      | Reached XP level 2. HP: 15/28 MP: 2/2
   300 | D:1      | Found a faded altar of an unknown god.
   468 | D:1      | Reached skill level 2 in Fighting
   953 | D:2      | Reached XP level 3. HP: 35/35 MP: 3/3
   964 | D:2      | Noticed Sigmund
   965 | D:2      | Gained mutation: You are strong-willed. (Will+) [potion of
                  | mutation]
   965 | D:2      | Gained mutation: You have a pair of horns on your head.
                  | [potion of mutation]
   965 | D:2      | Gained mutation: You have hidden genetic defects. [potion
                  | of mutation]
   965 | D:2      | Gained mutation: A frigid envelope surrounds you and
                  | freezes all who hurt you. [potion of mutation]
   982 | D:2      | Killed Sigmund
   983 | D:2      | Reached skill level 3 in Fighting
   983 | D:2      | Reached XP level 4. HP: 29/46 MP: 4/4
   983 | D:2      | Reached XP level 5. HP: 33/53 MP: 5/5
   986 | D:2      | Gained mutation: You occasionally lose the ability to read
                  | scrolls when taking damage. [hidden defects]
  1458 | D:2      | Gained mutation: Potions are less effective at restoring
                  | your health. [hidden defects]
  1458 | D:2      | Lost mutation: You have hidden genetic defects. [hidden
                  | defects expressed]
  2297 | D:3      | Reached XP level 6. HP: 62/62 MP: 6/6
  2362 | D:3      | Noticed Jessica
  2381 | D:3      | Reached skill level 4 in Fighting
  2383 | D:3      | Killed Jessica
  2680 | D:3      | Noticed tgirl's ghost (weakling VSEn)
  2704 | D:3      | Found a transporter.
  2902 | D:3      | Found a transporter.
  3592 | D:4      | Found a large runed translucent door.
  3592 | D:4      | Found a large runed translucent door.
  3600 | D:4      | Noticed Phlounder's ghost (amateur DjEn)
  4106 | D:4      | Reached XP level 7. HP: 71/71 MP: 7/7
  4146 | D:4      | Found a hazy altar of Hepliaklqana.
  4286 | D:4      | Found a runed translucent door.
  4287 | D:4      | Noticed Crazy Yiuf
  4495 | D:5      | Entered Level 5 of the Dungeon
  4642 | D:5      | Noticed Blork the orc
  4651 | D:5      | Killed Blork the orc
  4786 | D:5      | Reached skill level 5 in Fighting
  5398 | D:5      | Reached skill level 5 in Shapeshifting
  5398 | D:5      | Reached XP level 8. HP: 77/83 MP: 8/8
  5465 | D:5      | Noticed a yak
  5487 | D:5      | Reached skill level 6 in Fighting
  5513 | D:5      | Reached skill level 5 in Unarmed Combat
  5534 | D:5      | Killed a yak
  5665 | D:6      | Reached skill level 5 in Dodging
  5963 | D:6      | Found a staircase to the Ecumenical Temple.
  5979 | Temple   | Entered the Ecumenical Temple
  5993 | Temple   | Became a worshipper of Qazlal Stormbringer
  6025 | D:6      | Noticed Duvessa
  6026 | D:6      | Noticed Dowan
  6030 | D:6      | Killed Duvessa
  6031 | D:6      | Reached skill level 7 in Fighting
  6032 | D:6      | Killed Dowan
  6084 | D:6      | Reached XP level 9. HP: 93/93 MP: 9/9
  6757 | D:7      | Reached * piety under Qazlal
  7298 | D:7      | Reached skill level 8 in Fighting
  7458 | D:7      | Found an ornate altar of the Wu Jian Council.
  7460 | D:7      | Found an iron altar of Okawaru.
  7635 | D:8      | Noticed Pikel
  7790 | D:7      | Killed Pikel
  8140 | D:8      | Noticed Psyche
  8141 | D:8      | Reached skill level 9 in Fighting
  8141 | D:8      | Reached XP level 10. HP: 96/107 MP: 10/10
  8285 | D:8      | Killed Psyche
  8508 | D:8      | Identified the +0 robe of the Buccaneer {rC+ Int+3 Slay+2
                  | Stlth-}
  8534 | D:8      | Reached ** piety under Qazlal
  8719 | D:8      | Noticed Maurice
  9002 | D:8      | Killed Maurice
  9003 | D:8      | Reached skill level 10 in Fighting
  9007 | D:8      | HP: 1/110 [gnoll/+0 halberd (13)]
  9007 | D:8      | Slain by a gnoll

Illustrated notes

Levels and vault maps discovered:
D:1:      mrwooster_arrival_statue_3, layout_loops_corners,
          shapermc_ecumenical_altar_pompeii, serial_shops,
          nicolae_shop_overgrown_old_shop
D:2:      layout_loops_corners, minmay_unequal, uniq_sigmund
D:3:      layout_basic, gammafunk_ghost_arena, serial_bayou_pond_b,
          patterned_corridor, uniq_jessica
D:4:      layout_cave_pools, nicolae_hepliaklqana_hippocampus,
          ebering_ghost_disaster_area, dreamdust_princess_bridge,
          uniq_crazy_yiuf_cottage
D:5:      minmay_clustersquares, layout_basic, uniq_blork_the_orc
D:6:      layout_basic, temple_fountains, kennysheep_decorative_pillar,
          uniq_duvessa
D:7:      layout_loops_ring, minitemple, grunt_decor_fettered
D:8:      layout_rooms, minmay_fire_ice_demons, uniq_maurice, uniq_pikel,
          uniq_psyche
Temple:   nicolae_temple_bog_church

Skill      XL: |  1  2  3  4  5  6  7  8  9 10 |
---------------+-------------------------------+-----
Dodging        | 2 3 4 5 6 7 |  7.3
Fighting       | 2 3 4 5 7 9 10 | 10.0
Unarmed Combat | 3 4 5 6 7 |  7.5
Shapeshifting  | 4 5 7 |  7.7

Action                     |  1- 3 |  4- 6 |  7- 9 | 10-12 || total
---------------------------+-------+-------+-------+-------++-------
  Melee: Unarmed           |    63 |    75 |   182 |    49 ||   369
         Headbutt          |     5 |    18 |    49 |    13 ||    85
         Punch             |     1 |       |       |       ||     1
  Evoke: Wand              |       |       |       |     1 ||     1
    Use: Scroll            |     1 |     4 |     9 |       ||    14
         Potion            |     1 |       |       |     1 ||     2
   Stab: Sleeping          |       |     1 |       |       ||     1
 Armour: Animal skin       |    36 |    18 |       |       ||    54
         Robe              |       |    35 |   125 |    61 ||   221
  Dodge: Dodged            |    30 |    32 |    95 |    35 ||   192

Table legend: (Time is in decaauts)
 A = Elapsed time spent in this place.
 B = Non-inter-level travel time spent in this place.
 C = Inter-level travel time spent in this place.
 D = Time resting spent in this place.
 E = Time spent auto-exploring this place.
 F = Levels seen in this place.
 G = Mean time per level.
                   A        B        C        D        E       F      G
               +--------+--------+--------+--------+--------+-----+--------+
         Total |   8961 |   8619 |    342 |    851 |   6853 |   9 |  995.7 |
       Dungeon |   8933 |   8618 |    315 |    851 |   6853 |   8 | 1116.6 |
        Temple |     28 |      1 |     27 |      0 |      0 |   1 |   28.0 |
               +--------+--------+--------+--------+--------+-----+--------+

Top non-repeatable levels by time:
     D:7: 1880 daAuts
     D:3: 1524 daAuts
     D:5: 1155 daAuts
     D:2: 1096 daAuts
     D:1: 946 daAuts
     D:4: 917 daAuts
     D:6: 776 daAuts
     D:8: 636 daAuts
  Temple: 28 daAuts
